Cogmind - Beta 13 @@@ ROGUE MODE // 2024.04.02 @ 16:31:46 Player: frawding Result: Destroyed by 8R-AWN with 8R-AWN's Boregun Performance ------------- Evolutions (0) 0 Regions Visited (3) 600 Robots Destroyed (9) 45 Value Destroyed (229) 229 Prototype IDs (4) 80 Alien Tech Used (0) 0 Bonus (300) 300 TOTAL SCORE: 1254 Bonus ------- Aligned with FarCom 300 Cogmind --------- Core Integrity 0/250 Matter 218/300 Energy 23/100 System Corruption 4% Temperature Cool (10) Movement Core (200) Ox3 Location -10/Exiles Parts ------- > --- POWER (1) -------- (None) > --- PROPULSION (2) --- (None) > --- UTILITY (2) ------ Signal Interpreter > --- WEAPON (2) ------- Guided Plasma Cannon Mini Grenade Launcher > --- INVENTORY (5) ---- Light Treads Large Matter Pod (150) Firepult Mini Grenade Launcher Peak State ------------ > --- POWER ------------ Ion Engine > --- PROPULSION ------- Light Treads Light Treads > --- UTILITY ---------- High-capacity Storage Unit Signal Interpreter > --- WEAPON ----------- Firepult > --- INVENTORY -------- Light Treads Light Treads Light Treads High-capacity Storage Unit Large Battery Large Matter Pod High-capacity Matter Pod Compact Matter Pod Compact Matter Pod Advanced Beam Cannon Advanced Beam Cannon Advanced Beam Cannon Guided Plasma Cannon Shotgun Shotgun Mini Grenade Launcher Mini Grenade Launcher Mini Grenade Launcher Field Lobotomy Kit [Rating: 30] Favorites ----------- Power Ion Engine Engine Ion Engine Propulsion Light Treads Treads Light Treads Utility High-capacity Storage Unit Device Seismic Detector Storage High-capacity Storage Unit Processor Signal Interpreter Weapon Mini Grenade Launcher Energy Cannon Guided Plasma Cannon Ballistic Gun Shotgun Launcher Mini Grenade Launcher Special Weapon Field Lobotomy Kit Build | -11 -10 -10 -10 ------- Run | Yrd Mat Min Exi Slots Evolved . | . . . . Power . | . . . . Propulsion . | . . . . Utility . | . . . . Weapon . | . . . . Parts Attached 24 | 5 9 2 8 Power 1 | 1 . . . Engine 1 | 1 . . . Core . | . . . . Reactor . | . . . . Propulsion 2 | 2 . . . Treads 2 | 2 . . . Leg . | . . . . Wheel . | . . . . Hover . | . . . . Flight . | . . . . Utility 4 | 1 3 . . Device 1 | . 1 . . Storage 2 | 1 1 . . Processor 1 | . 1 . . Hackware . | . . . . Protection . | . . . . Artifact . | . . . . Weapon 17 | 1 6 2 8 Energy Gun . | . . . . Energy Cannon 4 | . 1 . 3 Ballistic Gun 6 | 1 5 . . Ballistic Cannon . | . . . . Launcher 4 | . . 2 2 Special Weapon 3 | . . . 3 Impact Weapon . | . . . . Slashing Weapon . | . . . . Piercing Weapon . | . . . . Special Melee Weapon . | . . . . Unidentified Prototypes 4 | . 1 . 3 Parts Lost 3 | . . . 3 Power 1 | . . . 1 Propulsion 2 | . . . 2 Utility . | . . . . Weapon . | . . . . Highest Loss Streak 3 | . . . 3 To Critical Strikes 1 | . . . 1 Average Slot Usage (%) 98 | . 98 100 98 Engine 13 | . 14 14 13 Treads 27 | . 28 28 27 Storage 14 | . 14 14 14 Processor 13 | . 12 14 14 Ballistic Gun 10 | . 26 . . Launcher 16 | . . 28 26 Naked Turns . | . . . . Heaviest Build 67 | 12 52 47 67 Greatest Support 40 | 40 40 40 40 Greatest Overweight (x) 3 | . 1 1 3 Average Overweight (x) . | . . 1 1 Largest Inventory Capacity 20 | 8 20 20 20 Average Capacity 19 | 7 19 20 19 Most Carried 20 | 5 19 20 20 Average Carried 16 | . 11 18 19 Final Capacity 20 | 8 20 20 5 Final Carried 20 | 1 18 20 5 Class Distribution -------------------- 100% | Mutant Dominant Class ---------------- Mutant | -10/Materials Mutant | -10/Mines Mutant | -10/Exiles Resources | -11 -10 -10 -10 ----------- Run | Yrd Mat Min Exi Matter Collected 617 | 208 215 100 94 Remotely . | . . . . Salvage Created 261 | 51 130 74 6 Parts 23 | 7 13 3 . Haulers Intercepted . | . . . . Recyclers Shooed . | . . . . Parts Field Recycled . | . . . . Retrieved Matter . | . . . . Parts Self-Destructed . | . . . . Prevented . | . . . . Kills | -11 -10 -10 -10 ------- Run | Yrd Mat Min Exi Combat Hostiles Destroyed 7 | . 3 2 2 Guns 3 | . 3 . . AOE 4 | . . 2 2 Classes Destroyed 4 | 1 2 . 1 Tunneler 2 | 2 . . . Watcher 2 | . 2 . . Grunt 5 | . 3 2 . Assembled 2 | . . . 2 Best Kill Streak 2 | 2 2 2 2 Combat Bots Only 2 | . 2 2 2 Max Kills in Single Turn 2 | 1 1 2 2 Gunslinging . | . . . . Exploded 2 | . . 2 2 Melee . | . . . . Uniques/NPCs Destroyed . | . . . . Combat | -11 -10 -10 -10 -------- Run | Yrd Mat Min Exi Hostile Shots Fired 88 | . 16 4 68 Missed 29 | . 3 1 25 Damage Taken 847 | . 140 97 610 Core 251 | . 22 16 213 Absorbed by Shields . | . . . . Core Remaining (%) 100 | 100 . . . Volleys Fired 24 | 3 12 1 8 Largest 2 | 1 2 2 1 Hottest 120 | 20 46 60 120 Shots Fired 36 | 3 22 2 9 Gun 25 | 3 22 . . Cannon 3 | . . . 3 Launcher 3 | . . 2 1 Special 5 | . . . 5 Kinetic 25 | 3 22 . . Thermal 3 | . . . 3 Explosive 3 | . . 2 1 Electromagnetic . | . . . . Robot Hit Streak 8 | 1 3 5 8 Robot Miss Streak 4 | 1 4 . 1 Penetration Max . | . . . . Secondary Targets . | . . . . Shots Hit Robots 27 | 1 16 2 8 Core Hits 20 | 2 9 2 7 Critical Kills . | . . . . Critical Parts Destroyed . | . . . . Critical Strikes . | . . . . Melee Attacks . | . . . . Impact . | . . . . Slashing . | . . . . Piercing . | . . . . Sneak Attacks . | . . . . Combat Hostiles . | . . . . Follow-up Attacks . | . . . . Damage Inflicted 602 | 22 203 137 240 Guns 225 | 22 203 . . Cannons 9 | . . . 9 Explosions 368 | . . 137 231 Melee . | . . . . Ramming . | . . . . Kinetic 225 | 22 203 . . Thermal 9 | . . . 9 Explosive 368 | . . 137 231 Electromagnetic . | . . . . Impact . | . . . . Slashing . | . . . . Piercing . | . . . . Highest Corruption 4 | . 4 4 4 Average Corruption 3 | . 3 4 4 Corruption Purged . | . . . . Corruption Blocked . | . . . . Effects 59 | . 9 3 47 Message Errors 12 | . 3 1 8 Matter Fused 17 | . 2 1 14 Heat Flow Errors 9 | . 3 1 5 Energy Discharges 6 | . . . 6 Data Loss (minor) 6 | . . . 6 Data Loss (major) 4 | . 1 . 3 Misfires 1 | . . . 1 Alerts 4 | . . . 4 Overload Shots . | . . . . Overflow Damage 8 | . . . 8 Projectiles . | . . . . Explosions 8 | . . . 8 Melee . | . . . . Knockbacks . | . . . . Impact . | . . . . Kinetic . | . . . . Secondary . | . . . . Self-Inflicted Damage 54 | . . 54 . Shots 2 | . . 2 . Rammed . | . . . . Targets Rammed . | . . . . Kicked . | . . . . Crushed . | . . . . Highest Temperature 249 | . 178 249 248 Average Temperature 83 | . 55 124 90 Received Heat Transfer 302 | . 78 24 200 Effects 3 | . . . 3 Interference 3 | . . . 3 Siege Activations . | . . . . Robots Corrupted . | . . . . Combat Hostiles . | . . . . Parts Fried . | . . . . Impact Corruptions . | . . . . Robots Melted . | . . . . Combat Hostiles . | . . . . Parts Melted . | . . . . Heat Transferred 60 | . . . 60 Parts Sabotaged . | . . . . Parts Stolen . | . . . . Parts Stripped . | . . . . Power Chain Reactions . | . . . . Alert | -11 -10 -10 -10 ------- Run | Yrd Mat Min Exi Peak Influence 102 | 10 102 60 . Initial 6 | . 6 . . Average 23 | 2 18 59 . Maximum Alert Level . | . . . . Low Security (%) 100 | 100 100 100 . Level 1 . | . . . . Level 2 . | . . . . Level 3 . | . . . . Level 4 . | . . . . Level 5 . | . . . . High Security . | . . . . Max Security . | . . . . Squads Dispatched 2 | . 2 . . Investigation 1 | . 1 . . Extermination . | . . . . Reinforcement 1 | . 1 . . Assault . | . . . . Garrison . | . . . . Intercept . | . . . . Searches Triggered . | . . . . Construction Impeded . | . . . . Haulers Reinforced . | . . . . Active Scanning Responses . | . . . . Cargo Convoy Interrupts . | . . . . Stealth | -11 -10 -10 -10 --------- Run | Yrd Mat Min Exi Distress Signals . | . . . . Communications Jammed . | . . . . Distress Signals . | . . . . Times Spotted 16 | . 6 2 8 Peak Tracking Total 7 | . 2 2 7 Tactical Retreats . | . . . . Traps | -11 -10 -10 -10 ------- Run | Yrd Mat Min Exi Traps Triggered 4 | . 4 . . Indirectly . | . . . . Trap Hack Attempts . | . . . . Triggered . | . . . . Disarmed . | . . . . Reprogrammed . | . . . . Reused . | . . . . Traps Extracted . | . . . . Installed . | . . . . Triggered . | . . . . Machines | -11 -10 -10 -10 ---------- Run | Yrd Mat Min Exi Machines Disabled 2 | . . . 2 Max in Single Turn 2 | . . . 2 Machines Repaired . | . . . . Machines Dismantled . | . . . . Machines Sabotaged . | . . . . Overloaded Fab Kills . | . . . . Hacking | -11 -10 -10 -10 --------- Run | Yrd Mat Min Exi Machines Accessed 4 | . . . 4 Terminals . | . . . . Fabricators . | . . . . Repair Stations . | . . . . Recycling Units . | . . . . Scanalyzers . | . . . . Garrison Access . | . . . . Total Hacks 49 | . . . 49 Successful 49 | . . . 49 Failed . | . . . . Catastrophic . | . . . . Database Lockouts . | . . . . Manual 7 | . . . 7 Terminals . | . . . . Fabricators . | . . . . Repair Stations . | . . . . Recycling Units . | . . . . Scanalyzers . | . . . . Garrison Access . | . . . . Terminal Hacks 49 | . . . 49 Record 49 | . . . 49 Fabricator Hacks . | . . . . Repair Station Hacks . | . . . . Recycling Unit Hacks . | . . . . Scanalyzer . | . . . . Garrison Access Hacks . | . . . . Unauthorized Hacks . | . . . . Terminals . | . . . . Fabricators . | . . . . Repair Stations . | . . . . Recycling Units . | . . . . Scanalyzers . | . . . . Garrison Access . | . . . . Data Cores Recovered . | . . . . Used . | . . . . Hacking Detections . | . . . . Full Trace Events . | . . . . Feedback Events . | . . . . Feedback Blocked . | . . . . Robot Schematics Acquired . | . . . . Robots Built . | . . . . Authchips . | . . . . Time . | . . . . Total Robot Build Rating . | . . . . Part Schematics Acquired . | . . . . Parts Built . | . . . . Authchips . | . . . . Time . | . . . . Total Part Build Rating . | . . . . Parts Repaired . | . . . . Time . | . . . . Parts Recycled . | . . . . Recycled Matter . | . . . . Retrieved Matter . | . . . . Retrieved Components . | . . . . Parts Scanalyzed . | . . . . Part Schematics Acquired . | . . . . Parts Damaged . | . . . . Bothacking | -11 -10 -10 -10 ------------ Run | Yrd Mat Min Exi Used RIF Installer . | . . . . Robots Hacked . | . . . . Non-combat . | . . . . Combat . | . . . . Robot Hacks Applied . | . . . . Relay Couplers Released . | . . . . Fabnet Peak Effective % . | . . . . Robots Rewired . | . . . . Allies Hacked . | . . . . Hacks Repelled . | . . . . Allies | -11 -10 -10 -10 -------- Run | Yrd Mat Min Exi Total Allies 3 | . . . 3 Largest Group 1 | . . . 1 Highest-Rated Group 9 | . . . 9 Highest-Rated Ally 9 | . . . 9 Total Orders . | . . . . Ally Attacks 8 | . . . 8 Total Damage 6 | . . . 6 Kills . | . . . . Allies Corrupted . | . . . . Allies Melted . | . . . . Field Lobotomies 3 | . . . 3 Intel | -11 -10 -10 -10 ------- Run | Yrd Mat Min Exi Robot Analysis Total . | . . . . Derelict Logs Recovered . | . . . . Drone Launches . | . . . . Drone Recoveries . | . . . . Exploration | -11 -10 -10 -10 ------------- Run | Yrd Mat Min Exi Turns Passed 3764 | 76 1484 258 1946 Spaces Moved 1540 | 49 600 102 789 Core 19 | 17 . . 2 Treads 1521 | 32 600 102 787 Legs . | . . . . Wheels . | . . . . Hover . | . . . . Flight . | . . . . Fastest Speed 50 | 50 160 240 200 Average Speed 233 | 121 231 240 240 Slowest Speed 320 | 160 240 240 320 Overloaded Moves . | . . . . Propulsion Burnouts . | . . . . Robots Hopped . | . . . . Cave-ins Triggered . | . . . . Exploration Rate (%) 53 | 4 91 26 93 Regions Visited 3 Branch Regions 2 Pre-discovered Areas 1 | . . . 1 Known Exits Taken 2 | . 1 1 . Unknown Exits Taken 1 | 1 . . . Scrap Searched . | . . . . Spaces Dug . | . . . . Terrain Destroyed 20 | . . 12 8 Melee . | . . . . Projectile . | . . . . AOE 20 | . . 12 8 Terrain Rammed . | . . . . Walls Destroyed . | . . . . Machines Disabled . | . . . . Actions | -11 -10 -10 -10 --------- Run | Yrd Mat Min Exi Total 1690 | 62 676 116 836 Wait 36 | . 24 . 12 Move 1537 | 48 599 101 789 Hop . | . . . . Pick Up 41 | 6 23 7 5 Fast Attach 1 | . . . 1 Attach 19 | 5 7 . 7 Detach 9 | . 5 . 4 Swap 4 | . 2 2 . Drop 19 | . 4 5 10 Fire 24 | 3 12 1 8 Melee . | . . . . Ram . | . . . . Kick . | . . . . Crush . | . . . . Escape Stasis . | . . . . Rewire . | . . . . Trap . | . . . . Miscellaneous . | . . . . Route ------- -11/Scrapyard -10/Materials (discovered 3 exits: *Mat x2 / *Min) -10/Mines -10/Exiles (discovered 2 exits: *Min x2) History --------- Turn | Location | Event 6 | -11/Scrapyard | Discovered new exit (range 15) 77 | -11/Scrapyard | Entered Materials 307 | -10/Materials | Build established: Mutant 552 | -10/Materials | Discovered new exit (range 9) 572 | -10/Materials | Identified exit to Materials 1277 | -10/Materials | Discovered exit to Materials (range 15) 1391 | -10/Materials | Discovered new exit (range 15) 1431 | -10/Materials | Identified exit to Mines 1561 | -10/Materials | Entered Mines 1805 | -10/Mines | Deemed a non-threat by the Exiles lab entrance 1807 | -10/Mines | Discovered new exit (range 5) 1817 | -10/Mines | Identified exit to Exiles 1819 | -10/Mines | Entered Exiles 1879 | -10/Exiles | Met 8R-AWN 1894 | -10/Exiles | Discovered new exit (range 14) 1920 | -10/Exiles | Identified exit to Mines 2007 | -10/Exiles | Met EX-HEX 2100 | -10/Exiles | Met EX-DEC 2257 | -10/Exiles | Visited The Gauntlet 2566 | -10/Exiles | Learned location of Zion (-7) 2712 | -10/Exiles | Discovered exit to Mines (range 14) 2849 | -10/Exiles | Met EX-BIN 3066 | -10/Exiles | Aligned with FarCom system 3068 | -10/Exiles | Given EX-Vault access code 3447 | -10/Exiles | Opened EX-Vault 3458 | -10/Exiles | Found Prototype Special Weapon 3460 | -10/Exiles | Identified Field Lobotomy Kit 3463 | -10/Exiles | Found Prototype Energy Cannon 3466 | -10/Exiles | Identified Gui. Plasma Cannon 3475 | -10/Exiles | Found Prototype Energy Cannon 3475 | -10/Exiles | Identified Firepult 3559 | -10/Exiles | Warned to stay clear of 0b10 Research branches 3717 | -10/Exiles | Attacked by the Exiles 3735 | -10/Exiles | Assimilated as-37933 with FLK Orb 3739 | -10/Exiles | Core integrity fell below 50% 3744 | -10/Exiles | Assimilated as-46066 with FLK Orb 3747 | -10/Exiles | Assimilated as-39498 with FLK Orb 3759 | -10/Exiles | Core integrity fell below 20% 3765 | -10/Exiles | Destroyed by 8R-AWN with 8R-AWN's Boregun Last Messages --------------- 03743_ HV Slug penetrates as-46066. 03743_ Penetrated by HV Slug. 03744_ as-46066 assimilated. 03746_ Penetrated by HV Slug. 03747_ Field Lobotomy Kit expended. 03747_ as-39498 assimilated. 03747_ as-49803 sneak attacks. 03747_ as-39498 destroyed. 03748_ The unstable cave ceiling collapses. 03748_ HV Slug penetrates Wall. 03750_ Penetrated by HV Slug. 03751_ System corrupted: Energy discharge (-30). 03753_ The unstable cave ceiling collapses. 03756_ Penetrated by HV Slug. 03756_ HV Slug penetrates Machine. 03756_ Machine disabled. 03758_ Penetrated by HV Slug. 03760_ Dropped Hcp. Storage Unit. 03762_ 8R-AWN suffers critical hit (Burn). 03763_ Penetrated by HV Slug. Map ----- +----------------------------------------------------+ | ??????#" """#?????????????????????????? | | ??????#" """#?????????????????????????? | | ??????#" """#?????????????????????????? | | ??????#" """##????????????????????????? | | ??????## """""????????????????????????? | | ???????# """##????????????????????????? | | ???????#" "X" """""????????????????????????? | | ???????#" """ # ????????????????????????? | | ???????#" """""""""#?????????????????????????? | | ??????##" ###########?????????????????????????? | | ?????##"" #???????????????????????????????????? | | ######"" #???????????????????????????????????? | | #""""""" ##??????????????????????????????????? | | """ " "" ##???###########???????????????????? | | """ " #####"""""""""##??????????????????? | | " " """ """"##?????????????????? | | "" " #?????????????????? | | " """#?????????????????? | | "a"#???????????#####?? | | " "##?????????##" #?? | | ""###???????#" #?? | | """""" ""#??????##" ##? | | ######""" "#????### ## | | ""##????#####""" !! ##???# | | ""##?????????##" !! ][!] ##?## | | "##???????????#"""" =!!@!!== ### | | "#????????????#"" !!%!!]! % g ## | | ########???###"""" !!!!![ a #### | | ## ####""" !! ""#?#"""" | | """" #"""##?##### | | ######??????? | | ##???????????? | | " ##????????????? | | " "" " % ""#?????????????? | | ""## ##""" " " ""# %%a "##?????????????? | | ""#### #?####""" """# """##??????????????? | | """"##??# #????###""""## # ###???????????????? | | """#??## ####???####??########?????????????????? | | ""##??#! "!#??????????????????????????????????? | | ""##???#" !#??????????????????????????????????? | | ##????#" "#??????????????????????????????????? | | ##?????#!!""!"#??????????????????????????????????? | | #??????########??????????????????????????????????? | | #????????????????????????????????????????????????? | | ?????????????????????????????????????????????????? | | ?????????????????????????????????????????????????? | | ?????????????????????????????????????????????????? | | ?????????????????????????????????????????????????? | | ?????????????????????????????????????????????????? | | ?????????????????????????????????????????????????? | +----------------------------------------------------+ Best States ------------- Heat Dissipation 25 Energy Generation 10 Energy Capacity 250 Matter Stores 300 Matter Capacity 300 Sight Range 16 Terrain Scan Density 10 Evasion (%) 50 Recoil Reduction 2 Item Schematics ----------------- None Robot Schematics ------------------ None Fabricated ------------ Nothing Alien Tech Used ----------------- None Achievements -------------- Dramatic Entrance Challenges ------------ None Game ------ Seed OpticalNullMegatreads Manual? 0 Play Time 00:31:41 Cumulative 6.8 hours Start 2024.04.02 @ 15:58:17 End 2024.04.02 @ 16:31:46 Sessions 1 Manual Loads 0 Difficulty Rogue Special Mode None Game No. 7 Rogue 7 Adventurer 0 Explorer 0 Win Type - Total 0 Types 0/0/0/0/0/0/0/0/0 Lore% 15 Gallery% 11 Achievement% 12 Wizard Run 0 Options --------- Layout 1 ASCII 0 Keyboard 0 Movement Mouse Keybinds 0 Fullscreen 1 Font 24/Smallcaps Map View 50x35 Zoom Use 0% Tactical HUD 1 Map Filters NONE Filters NONE Steam 1 RUN: 51b04a7e-3a6c-4669-bb81-366e7179de4f